Reakly vs Lady Rytsu sweaty game

Match 19745871
End
Panzerpioneer Squad
Panzerpioneer Squad
Panzerpioneer Squad
Construct Light Support Kompanie
Assault Grenadier Squad
Panzerjäger Squad
2.5-tonne Medical Truck
Construct Mechanized Kompanie
8 Rad Armored Car
MG34 Team
Selects Italian Combined Arms Battlegroup
Selects Semovente da 75/18 Assault Gun
Selects Carro Armato M13/40 Light Tank
Selects Artillery Cover
Carro Armato M13/40 Light Tank
Panzerjäger Mechanized Group
Construct Panzerarmee Kommand
Panzer III L Medium Tank
Selects Bersaglieri Squad
Selects Vehicle Support - Secure Location
Selects Vehicle Support - Force Recon
Assault Mechanized Group
Artillery Cover
Reakly
Lady Rytsu
0
0

Comments sign in to comment!

No comments posted yet!